 Dungeon Crawl Stone Soup version 0.30-a0-25-gacc37e2db0 (webtiles) character file.

Game seed: 2887660547359994593

47 Plasmagod the Ruffian (level 3, -1/28 HPs)
             Began as a Draconian Transmuter on Aug 25, 2022.
             Killed by nerve-wracking pain
             ... invoked by Jessica
              (13 damage)
             ... on level 4 of the Dungeon.
             The game lasted 00:02:50 (2015 turns).

Plasmagod the Ruffian (Draconian Transmuter)        Turns: 2015, Time: 00:02:51

Health: -1/28      AC:  5    Str: 12    XL:     3   Next: 48%
Magic:  15/15      EV: 12    Int: 15    God:
Gold:   67         SH:  5    Dex: 11    Spells: 5/6 levels left

rFire   . . .      SeeInvis .      - Unarmed
rCold   . . .      Faith    .    (no shield)
rNeg    . . .      Spirit   .    (body armour unavailable)
rPois   .          Reflect  +    (helmet currently unavailable)
rElec   .          Harm     .    (no cloak)
rCorr   .          Rampage  .    (no gloves)
Will    .....                    (boots currently unavailable)
Stlth   +.........               j - amulet of reflection
HPRegen 0.09/turn                b - ring of magical power
MPRegen 0.14/turn                (no ring)

@: appendages (expiring)
A: horns 2, talons 2, AC +5, unfitting armour, cold-blooded
a: End Transformation


You were on level 4 of the Dungeon.
You had temporarily grown beastly horns and talons.
You visited 1 branch of the dungeon, and saw 4 of its levels.

You collected 67 gold pieces.

Inventory:

Armour
 o - the +5 pair of boots "Zifotaent" (melded) {Contam rPois Str+5 Stlth+}
   (You found it on level 3 of the Dungeon)

   Str:       It affects your strength (+5).
   rPois:     It protects you from poison.
   Contam:    It causes magical contamination when unequipped.
   Stlth:     It makes you more stealthy.
Jewellery
 b - a ring of magical power (left hand)
 c - a ring of fire
 j - an amulet of reflection (around neck)
 k - a ring of poison resistance
Scrolls
 d - a scroll of teleportation {unknown}
 f - 2 scrolls of fear {unknown}
 i - 2 scrolls of fog {unknown}
 n - a scroll of vulnerability {unknown}
Potions
 a - a potion of lignification
 e - 2 potions of mutation {unknown}
 g - a potion of might {unknown}
 h - 2 potions of flight {unknown}
 l - a potion of curing {unknown}
 m - 2 potions of attraction {unknown}


   Skills:
 - Level 1.1 Fighting
 - Level 1.7 Dodging
 + Level 4.5 Unarmed Combat
 - Level 2.0 Spellcasting
 - Level 2.0 Transmutations


You had 5 spell levels left.
You knew the following spells:

 Your Spells              Type           Power      Damage    Failure   Level
a - Beastly Appendage     Tmut           14%        N/A       10%         1

Your spell library contained the following spells:

 Spells                   Type           Power      Damage    Failure   Level
 Wereblood                Tmut           7%         N/A       14%         2
 Summon Small Mammal      Summ           4%         N/A       22%         1
 Spider Form              Tmut/Pois      4%         N/A       41%         3
 Call Canine Familiar     Summ           1%         N/A       54%         3
 Summon Guardian Golem    Hex/Summ       1%         N/A       54%         3
 Ice Form                 Ice/Tmut       4%         N/A       82%         4


Dungeon Overview and Level Annotations

Branches:
Dungeon (4/15)
 Temple: D:4-7

Altars:
Makhleb

Annotations:
D:4 Jessica


Innate Abilities, Weirdness & Mutations

You have temporarily grown beastly horns and talons.
Your plain brown scales are hard. (AC +5)
You cannot fit into any form of body armour.
You are cold-blooded and may be slowed by cold attacks.


Message History

Jessica drinks a potion.
Jessica seems to speed up.
You hear a zap.
Some rock shatters into small pieces.
You hear a zap.
Some rock shatters into small pieces.
Jessica zaps a wand.
You hear a grinding noise.
There is a stone staircase leading down here.
You grow a pair of large bovine horns.
Your feet morph into talons.
The +5 pair of boots "Zifotaent" {Contam rPois Str+5 Stlth+} melds into your body.
You hear a zap.
Some rock shatters into small pieces.
The gnoll hits you with a +0 spear.
You hit the gnoll but do no damage. You claw the gnoll, but do no damage.
Your tail-slap misses the gnoll.
The gnoll hits you with a +0 spear.
You closely miss the gnoll.
The gnoll shouts!
You claw the gnoll.
The gnoll is lightly wounded.
You block the gnoll's attack.
The gnoll shouts!
You hit the gnoll.
The gnoll is moderately wounded.
You hear a shout!
Jessica mumbles some strange words.
Jessica blinks!
You block the gnoll's attack. The gnoll closely misses you.
There is a stone staircase leading down here.
The gnoll closely misses you. Jessica hits you but does no damage.
The gnoll hits you from afar with a +0 spear.
Jessica gestures at you while chanting. Pain shoots through your body!
You climb downwards.
Your transformation is almost over.
There is a stone staircase leading up here.
You barely miss Jessica. Your kick misses Jessica.
You tail-slap Jessica, but do no damage.
Jessica casts a spell at you. Pain shoots through your body!
You die...

...
..8
#.#
#.#
#.#
#.#
#.#
#@#
#@#
#..
####


You could see Jessica (fast).

Vanquished Creatures
  An adder (D:3)
  A worm (D:2)
  4 ball pythons
  2 bats
  3 endoplasms
  2 giant cockroaches
  2 goblins
  4 hobgoblins
  4 jackals (D:3)
  2 kobolds
  A quokka (D:2)
  A frilled lizard (D:2)
  3 rats
30 creatures vanquished.

Notes
Turn   | Place    | Note
-------+----------+-------------------------------------------
     0 | D:1      | Plasmagod the Draconian Transmuter began the quest for the
                  | Orb.
     0 | D:1      | Reached XP level 1. HP: 16/16 MP: 3/3
   339 | D:1      | Reached XP level 2. HP: 23/23 MP: 5/5
   671 | D:1      | You fall into a shaft and drop 1 floor!
   671 | D:2      | Found a faded altar of an unknown god.
   768 | D:2      | Found a burning altar of Makhleb.
   901 | D:2      | Reached skill level 4 in Unarmed Combat
  1089 | D:2      | Reached XP level 3. HP: 28/28 MP: 6/6
  1898 | D:3      | Identified the +5 pair of boots "Zifotaent" {Contam rPois
                  | Str+5 Stlth+}
  1994 | D:3      | Noticed Jessica
  2015 | D:4      | Killed from afar by Jessica

Illustrated notes

Levels and vault maps discovered:
D:1:      lemuel_arrival_lava_pool, layout_loops_ring
D:2:      layout_loops_ring, shapermc_ecumenical_altar_totnotflames,
          basic_altar, minmay_diced_spiral
D:3:      layout_basic, grunt_ministairs_5, uniq_jessica
D:4:      layout_rooms, serial_shops, nicolae_stop_n_shop_2,
          chequers_serial_rivers_room_a

Skill      XL: |  1  2 |
---------------+-------+-----
Unarmed Combat | 4 |  4.5
Fighting       | |  1.1
Dodging        | |  1.7
Spellcasting   | |  2.0
Transmutations | |  2.0

Action                   || total
-------------------------++-------
Melee: Unarmed           ||    84
       Headbutt          ||     4
       Kick              ||    13
       Tailslap          ||     5
       Punch             ||     3
 Cast: Beastly Appendage ||    15
Armor: Skin              ||    19
Dodge: Dodged            ||    50
Block: Other             ||    18

Table legend: (Time is in decaauts)
 A = Elapsed time spent in this place.
 B = Non-inter-level travel time spent in this place.
 C = Inter-level travel time spent in this place.
 D = Time resting spent in this place.
 E = Time spent auto-exploring this place.
 F = Levels seen in this place.
 G = Mean time per level.
                   A        B        C        D        E       F      G
               +--------+--------+--------+--------+--------+-----+--------+
         Total |   2008 |   1885 |    123 |      0 |   1629 |   4 |  502.0 |
       Dungeon |   2008 |   1885 |    123 |      0 |   1629 |   4 |  502.0 |
               +--------+--------+--------+--------+--------+-----+--------+

Top non-repeatable levels by time:
     D:1: 1088 daAuts
     D:2: 718 daAuts
     D:3: 201 daAuts
     D:4: 0 daAuts
